 Dungeon Crawl Stone Soup version 0.29.1 (webtiles) character file.

Game seed: 3723906886110674260

51 ImASeal the Shield-Bearer (level 3, -3/36 HPs)
             Began as a Troll Fighter on Sept 14, 2022.
             Was an Initiate of Ashenzari.
             Slain by a gnoll
             ... wielding a +0 halberd
              (11 damage)
             ... on level 2 of the Dungeon.
             The game lasted 00:03:43 (916 turns).

ImASeal the Shield-Bearer (Troll Fighter)            Turns: 916, Time: 00:03:44

Health: -3/36      AC:  6    Str: 26    XL:     3   Next: 58%
Magic:  2/2        EV:  9    Int:  4    God:    Ashenzari [......]
Gold:   76         SH:  8    Dex: 15    Spells: 2/2 levels left

rFire   . . .      SeeInvis .   a - +0 war axe of the Omniscient Sphere {Comp, Elem} (curse)
rCold   . . .      Faith    .   c - +0 kite shield
rNeg    . . .      Spirit   .   b - +0 robe
rPois   .          Reflect  .   p - +1 hat
rElec   .          Harm     .   g - +0 cloak
rCorr   .          Rampage  .   (gloves unavailable)
Will    .....                   (boots unavailable)
Stlth   +.........              (no amulet)
HPRegen 0.92/turn               m - +6 ring of dexterity
MPRegen 0.08/turn               (no ring)

@: no status effects
A: large, unfitting armour, claws 3, regeneration 1, shaggy fur 1, tough skin 1
a: Renounce Religion, Shatter the Chains


You were on level 2 of the Dungeon.
You worshipped Ashenzari.
Ashenzari was noncommittal.
You visited 1 branch of the dungeon, and saw 2 of its levels.

You collected 76 gold pieces.

Inventory:

Hand Weapons
 a - the cursed +0 war axe of the Omniscient Sphere (weapon) {Comp, Elem}

   It has a curse which improves the following skills: Companions: Summonings
   and Necromancy.
   Elements:  Fire Magic, Ice Magic, Air Magic and Earth Magic.
Missiles
 o - 4 poisoned darts (quivered)
Armour
 b - a +0 robe (worn)
 c - a +0 kite shield (worn)
 g - a +0 cloak (worn)
 p - a +1 hat (worn)
Jewellery
 m - a +6 ring of dexterity (left claw)
Scrolls
 f - 2 scrolls of teleportation {unknown}
 h - a scroll of enchant armour {unknown}
 k - a scroll of immolation
 l - a scroll of magic mapping {unknown}
 n - a scroll of identify {unknown}
Potions
 d - a potion of might
 e - a potion of magic {unknown}
 i - 2 potions of resistance {unknown}
 j - a potion of lignification {unknown}
 q - a potion of attraction {unknown}


   Skills:
 + Level 2.8 Fighting
 + Level 2.2 Axes
 + Level 2.8 Dodging
 + Level 3.1 Shields


You had 2 spell levels left.
You didn't know any spells.
Your spell library contained the following spells:

 Spells                   Type           Power      Damage    Failure   Level
 Shock                    Conj/Air       0%         1d3       80%         1
 Swiftness                Air            0%         N/A       99%         3
 Airstrike                Air            0%         2d(0-16)  100%        4


Dungeon Overview and Level Annotations

Branches:
Dungeon (2/15)

Altars:
Ashenzari
Elyvilon


Innate Abilities, Weirdness & Mutations

You are too large for most types of armour.
You have claws for hands.
Your natural rate of healing is unusually fast.
You are covered in fur. (AC +1)
You have tough skin. (AC +1)


Message History

You block the gnoll's attack. The gnoll barely misses you.
The gnoll hits you with a +0 whip. You block the gnoll's attack. x2
The gnoll barely misses you.
You barely miss the gnoll.
The gnoll is heavily wounded.
You block the gnoll's attack. x2; The gnoll barely misses you.
You hit the gnoll.
The gnoll is almost dead.
The gnoll closely misses you. The gnoll hits you but does no damage.
You block the gnoll's attack.
The gnoll hits you from afar with a +0 spear.
The gnoll closely misses you. The gnoll barely misses you.
You barely miss the gnoll.
The gnoll is almost dead.
The gnoll closely misses you. You block the gnoll's attack.
The gnoll hits you but does no damage.
You hit the gnoll.
You kill the gnoll!
You block the gnoll's attack. The gnoll hits you but does no damage.
The gnoll hits you from afar with a +0 spear.
You block the gnoll's attack.
Your Axes skill increases to level 2!
The gnoll hits you with a +0 halberd! The gnoll hits you with a +0 spear!
You are too injured to fight recklessly!
You are too injured to fight recklessly!
You are too injured to fight recklessly!
You are too injured to fight recklessly!
You are too injured to fight recklessly!
You slash the gnoll!
The gnoll is almost dead.
You closely miss the gnoll. You block the gnoll's attack.
The gnoll closely misses you.
You slash the gnoll!
You kill the gnoll!
You hit the gnoll but do no damage. The gnoll hits you with a +0 halberd.
The adder bites you. The gnoll hits you with a +0 halberd.
* * * LOW HITPOINT WARNING * * *
You barely miss the gnoll. You miss the adder.
The adder bites you but does no damage. The gnoll hits you with a +0 halberd!
You die...

.... #..... .# #..#
#......#.. #..#
#....!....# # #..#
.........#.# #..#
#.....#.#.########...
..g...... #.........
#S#g#.# #.######..
#.@)..# ##.######.#
.#.#.#†#.# #..........
..........###..########
...............# #
#####.#........########
#....<..>..........
###################


You could see a gnoll, an adder and a hobgoblin.

Vanquished Creatures
  2 gnolls (D:2)
  3 endoplasms (D:1)
  3 giant cockroaches (D:2)
  A goblin (D:1)
  4 hobgoblins
  4 jackals (D:2)
  2 kobolds (D:1)
  A quokka (D:1)
  3 ball pythons
  2 bats
  A frilled lizard (D:2)
  A rat (D:1)
27 creatures vanquished.

Notes
Turn   | Place    | Note
-------+----------+-------------------------------------------
     0 | D:1      | ImASeal the Troll Fighter began the quest for the Orb.
     0 | D:1      | Reached XP level 1. HP: 22/22 MP: 0/0
   196 | D:1      | Found a faded altar of an unknown god.
   214 | D:1      | Reached XP level 2. HP: 25/29 MP: 1/1
   681 | D:1      | Prayed at the altar of an unknown god.
   681 | D:1      | Became a worshipper of Ashenzari the Shackled
   725 | D:2      | Reached skill level 3 in Shields
   826 | D:2      | Found a white marble altar of Elyvilon.
   841 | D:2      | Reached XP level 3. HP: 36/36 MP: 2/2
   916 | D:2      | Slain by a gnoll

Illustrated notes

Levels and vault maps discovered:
D:1:      sevenhm_arrival_forest_fort_small_5, layout_loops_cross,
          hellmonk_ecumenical_altar_blasted, st_stairs_7
D:2:      layout_loops_ring, basic_altar

Skill      XL: |  1  2  3 |
---------------+----------+-----
Shields        | 3 |  3.1
Axes           | 2 |  2.2
Fighting       | |  2.8
Dodging        | |  2.8

Action                   || total
-------------------------++-------
Melee: War axe           ||    73
Invok: Curse Item        ||     1
Armor: Robe              ||    31
Dodge: Dodged            ||    31
Block: Kite shield       ||    36
